 Dungeon Crawl Stone Soup version 0.31-a0-865-g3d5d91748a (webtiles) character file.

Game seed: 10882384926482306276

849 Demosthentine the Poker (level 7, -1/55 HPs)
             Began as a Demonspawn Gladiator on Oct 11, 2023.
             Was an Initiate of Hepliaklqana.
             Slain by a black bear (10 damage)
             ... on level 5 of the Dungeon.
             The game lasted 00:06:06 (4491 turns).

Demosthentine the Poker (Demonspawn Gladiator)      Turns: 4491, Time: 00:06:06

Health: -1/55      AC:  5    Str: 16    XL:     7   Next: 69%
Magic:  7/7        EV: 13    Int: 10    God:    Hepliaklqana [......]
Gold:   302        SH:  4    Dex: 14    Spells: 6/6 levels left

rFire   . . .        a - +0 trident
rCold   . . .        (no shield)
rNeg    . . .        b - +0 leather armour
rPois   .            (helmet restricted)
rElec   .            (no cloak)
rCorr   .            g - +1 pair of gloves
SInv    .            (no boots)
Will    .....        (no amulet)
Stlth   +            (no ring)
HPRegen 0.29/turn    (no ring)
MPRegen 0.20/turn

%: no passive effects
@: no status effects
A: antennae 1, large bone plates 1, magic regeneration
a: Renounce Religion


You were on level 5 of the Dungeon.
You worshipped Hepliaklqana.
Hepliaklqana was noncommittal.
You visited 2 branches of the dungeon, and saw 6 of its levels.

You collected 302 gold pieces.

Inventory:

Hand Weapons
 a - a +0 trident (weapon)
Missiles
 e - a javelin
Armour
 b - a +0 leather armour (worn)
 g - a +1 pair of gloves (worn)
Jewellery
 f - a ring of protection from cold
Wands
 i - a wand of digging (3)
Scrolls
 k - 2 scrolls of revelation
 l - a scroll of blinking {unknown}
Potions
 c - a potion of resistance
 h - 2 potions of might
 m - 2 potions of lignification
 n - a potion of haste
 o - 2 potions of brilliance {unknown}


   Skills:
 + Level 4.7 Fighting
 + Level 4.7 Polearms
 - Level 1.7 Throwing
 + Level 3.7 Armour
 + Level 4.7 Dodging


You had 6 spell levels left.
You didn't know any spells.
Your spell library contained the following spells:

 Spells                   Type           Power      Damage    Failure   Level
 Freeze                   Ice            0%         1d3       41%         1
 Magic Dart               Conj           0%         1d3       41%         1
 Searing Ray              Conj           0%         2d4       56%         2
 Frozen Ramparts          Ice            0%         1d1       80%         3
 Hailstorm                Conj/Ice       0%         3d3       80%         3
 Fulminant Prism          Conj/Hex       0%         3d5       99%         4


Dungeon Overview and Level Annotations

Branches:
Dungeon (5/15)             Temple (1/1) D:5

Altars:
Dithmenos
Fedhas
Hepliaklqana
Kikubaaqudgha
Nemelex Xobeh
Okawaru
Qazlal
Sif Muna
Uskayaw
Vehumet
Wu Jian
Xom
Yredelemnul

Shops:
D:5 :


Innate Abilities, Weirdness & Mutations

You have a pair of small antennae on your head.
You are partially covered in large bone plates. (SH +4)
You regenerate magic rapidly.


Message History

You are too injured to fight recklessly!
You are too injured to fight recklessly!
You are too injured to fight recklessly!
You are too injured to fight recklessly!
You are too injured to fight recklessly!
You hit the black bear but do no damage.
The black bear is severely wounded.
The black bear bites you.
The black bear claws you but does no damage.
The black bear barely misses you.
You barely miss the black bear.
The black bear is severely wounded.
The black bear bites you. You block the black bear's attack.
The black bear claws you but does no damage.
You hit the black bear.
The black bear is almost dead.
The black bear goes berserk!
You closely miss the black bear.
The black bear is almost dead.
The black bear bites you but does no damage.
The black bear claws you. The black bear barely misses you.
The black bear bites you.
* * * LOW HITPOINT WARNING * * *
The black bear misses you. The black bear barely misses you.
Throw: 2 throwing nets
Press: ? - help, Q - select action, (/) - cycle Shift-Dir - straight line, f/p - black bear
Aim: a black bear (almost dead, berserk, 65% to hit)
You throw a throwing net.
The throwing net barely misses the black bear.
The black bear barely misses you. The black bear claws you.
* * * LOW HITPOINT WARNING * * *
The black bear claws you.
* * * LOW HITPOINT WARNING * * *
Throw: throwing net
Press: ? - help, Q - select action, (/) - cycle Shift-Dir - straight line, f/p - black bear
Aim: a black bear (almost dead, berserk, 65% to hit)
You throw a throwing net.
The throwing net completely misses the black bear.
The black bear bites you!
You die...

....... . ....... ...
....... .... #.......
#).## ........ ...
##....... ### .
###.##........ ####.(
..##.....@.......####.#.#.
........h.....####.#..#...
...........####.#...#†..#.
........#.........#...#...
.....<..##.####.#...#...#.
............. ####.#..#...
....###........ .####.#.#.
..(. #.............####..
.. #........###.. ###


You could see a black bear (berserk).

Vanquished Creatures
  A black bear (D:5)
  A phantom (D:5)
  3 scorpions
  An orc priest (D:4)
  3 hounds
  2 iguanas
  6 orc wizards
  10 adders
  4 dart slugs
  11 orcs
  12 ball pythons
  6 endoplasms
  6 giant cockroaches
  6 goblins
  2 hobgoblins
  2 jackals (D:3)
  5 quokkas
  6 bats
  6 frilled lizards
  4 kobolds
  9 rats
106 creatures vanquished.

Notes
Turn   | Place    | Note
-------+----------+-------------------------------------------
     0 | D:1      | Demosthentine the Demonspawn Gladiator began the quest for
                  | the Orb.
     0 | D:1      | Reached XP level 1. HP: 16/16 MP: 1/1
   131 | D:1      | Gained mutation: You have a pair of small antennae on your
                  | head. [demonic ancestry]
   131 | D:1      | Reached XP level 2. HP: 22/22 MP: 2/2
   367 | D:1      | Reached skill level 1 in Armour
   493 | D:1      | Reached XP level 3. HP: 27/28 MP: 3/3
  1029 | D:2      | Identified the +2 robe "Ivvatrom" {rPois Str-3 Int+5
                  | Archmagi}
  1563 | D:3      | Gained mutation: You are partially covered in large bone
                  | plates. (SH +4) [demonic ancestry]
  1563 | D:3      | Reached XP level 4. HP: 34/34 MP: 4/4
  2040 | D:3      | Reached XP level 5. HP: 25/41 MP: 5/5
  2484 | D:3      | Found a sparkling altar of Nemelex Xobeh.
  2633 | D:3      | Found a radiant altar of Vehumet.
  2633 | D:3      | Found a shimmering altar of Xom.
  2943 | D:4      | Reached XP level 6. HP: 15/47 MP: 6/6
  3475 | D:4      | Found a blossoming altar of Fedhas.
  3643 | D:4      | Gained mutation: You regenerate magic rapidly. [demonic
                  | ancestry]
  3643 | D:4      | Reached XP level 7. HP: 14/54 MP: 7/7
  4134 | D:5      | Entered Level 5 of the Dungeon
  4134 | D:5      | Found Gyita's Self-Published Books.
  4149 | D:5      | Found a staircase to the Ecumenical Temple.
  4187 | Temple   | Entered the Ecumenical Temple
  4196 | Temple   | Became a worshipper of Hepliaklqana the Forgotten
  4491 | D:5      | Slain by a black bear

Illustrated notes

Levels and vault maps discovered:
D:1:      beargit_arrival_greenhouse, layout_basic, kennysheep_boxes
D:2:      layout_basic
D:3:      layout_loops_ring, gammafunk_temple_overflow_statue,
          nemelex_spade_bored_becter
D:4:      layout_loops_ring, tso_altar, mainiacjoe_overflow_alcove_4,
          minmay_misc_feat_square, kennysheep_generic_room_12
D:5:      minmay_spotlight, layout_cave_pools,
          minmay_temple_entry_statues_fountains, nicolae_custom_books
Temple:   jpeg_temple_clearing

Skill      XL: |  1  2  3  4  5  6 |
---------------+-------------------+-----
Polearms       | 3 4 |  4.7
Armour         | 1 2 3 |  3.7
Dodging        | 3 4 |  4.7
Fighting       | 3 4 |  4.7
Throwing       | |  1.7

Action                     |  1- 3 |  4- 6 |  7- 9 || total
---------------------------+-------+-------+-------++-------
  Melee: Trident           |   132 |   273 |    94 ||   499
         Punch             |       |     3 |     1 ||     4
  Throw: Throwing net      |       |     1 |     2 ||     3
    Use: Scroll            |     6 |     3 |     1 ||    10
         Potion            |       |     3 |     1 ||     4
   Stab: Sleeping          |     1 |     2 |     1 ||     4
         Held in net/web   |       |     2 |       ||     2
         Distracted        |       |       |     1 ||     1
 Armour: Leather armour    |    45 |   145 |    90 ||   280
  Dodge: Dodged            |    56 |   128 |    83 ||   267
  Block: Other             |       |    35 |    19 ||    54

Table legend: (Time is in decaauts)
 A = Elapsed time spent in this place.
 B = Non-inter-level travel time spent in this place.
 C = Inter-level travel time spent in this place.
 D = Time resting spent in this place.
 E = Time spent auto-exploring this place.
 F = Levels seen in this place.
 G = Mean time per level.
                   A        B        C        D        E       F      G
               +--------+--------+--------+--------+--------+-----+--------+
         Total |   4573 |   4482 |     91 |    118 |   3318 |   6 |  762.2 |
       Dungeon |   4554 |   4463 |     91 |    118 |   3318 |   5 |  910.8 |
        Temple |     18 |     18 |      0 |      0 |      0 |   1 |   18.0 |
               +--------+--------+--------+--------+--------+-----+--------+

Top non-repeatable levels by time:
     D:4: 1411 daAuts
     D:3: 1172 daAuts
     D:1: 826 daAuts
     D:2: 801 daAuts
     D:5: 344 daAuts
  Temple: 18 daAuts
